 Dungeon Crawl Stone Soup version 0.19.0-24-gb05acd6 (webtiles) character file.

1495 Monsterracer the Cleaver (level 8, -11/57 HPs)
             Began as a Minotaur Berserker on Nov 20, 2016.
             Was a Priest of Trog.
             Mangled by an orc warrior
             ... wielding a +2 mace of protection
              (15 damage)
             ... on level 6 of the Dungeon.
             The game lasted 00:07:38 (3738 turns).

Monsterracer the Cleaver (Minotaur Berserker)       Turns: 3738, Time: 00:07:39

Health: -11/57     AC: 10    Str: 22    XL:     8   Next: 51%
Magic:  7/7        EV: 10    Int:  4    God:    Trog [***...]
Gold:   387        SH:  0    Dex: 12    Spells: 0 memorised, 7 levels left

rFire  . . .     SeeInvis .     a - +0 hand axe
rCold  . . .     Gourm    .     s - +0 scale mail
rNeg   . . .     Faith    .     (no shield)
rPois  .         Spirit   .     (helmet restricted)
rElec  .         Reflect  .     m - +2 cloak
rCorr  .         Harm     .     y - +0 pair of gloves
MR     .....                    (no boots)
Stlth  ..........               (no amulet)
                                (no ring)
                                (no ring)

@: starving
A: retaliatory headbutt, hooves 1, horns 2, frail 1, slow regeneration 1
a: Berserk, Trog's Hand, Burn Spellbooks, Renounce Religion


You were on level 6 of the Dungeon.
You worshipped Trog.
Trog was most pleased with you.
You were starving.

You visited 1 branch of the dungeon, and saw 6 of its levels.
You also visited: Sewer.

You collected 387 gold pieces.

Inventory:

Hand Weapons
 a - a +0 hand axe (weapon)
Armour
 m - a +2 cloak (worn)
 s - a +0 scale mail (worn)
 y - a +0 pair of gloves (worn)
Jewellery
 v - an uncursed ring of flight {unknown}
Wands
 w - a wand of paralysis (8/24)
Scrolls
 d - 5 scrolls of remove curse {unknown}
 e - 5 scrolls of teleportation {unknown}
 f - a scroll of enchant armour {unknown}
 h - 5 scrolls of identify {unknown}
 i - 3 scrolls of amnesia {unknown}
 k - a scroll of magic mapping {unknown}
 n - 3 scrolls of fear {unknown}
 o - a scroll of enchant weapon {unknown}
 p - 2 scrolls of immolation {unknown}
Potions
 b - 3 potions of might
 j - 4 potions of brilliance
 l - 2 potions of curing
 t - a potion of agility
 u - a potion of haste
 z - a potion of resistance
 A - a potion of heal wounds
 B - a potion of flight
Comestibles
 c - 4 bread rations
 g - 2 meat rations
 q - 2 slices of pizza
 r - a beef jerky
 x - a royal jelly
 C - 7 fruits


   Skills:
 - Level 3.6 Fighting
 + Level 12.8 Axes
 - Level 2.4 Armour
 - Level 2.1 Dodging


You had 7 spell levels left.
You didn't know any spells.

Dungeon Overview and Level Annotations

Branches:
Dungeon (6/15)             Temple (0/1) D:5

Altars:
Fedhas
Kikubaaqudgha


Innate Abilities, Weirdness & Mutations

You reflexively headbutt those who attack you in melee.
You have a pair of horns on your head.
You have large cloven feet.
You are frail. (-10% HP)
You regenerate slowly when monsters are visible.


Message History

You hit the orc warrior.
You kick the orc warrior, but do no damage.
The orc warrior is heavily wounded.
You hit the orc warrior.
The orc warrior is severely wounded.
The orc warrior closely misses you.
You closely miss the orc warrior.
You kick the orc warrior, but do no damage.
You headbutt the orc warrior.
The orc warrior is almost dead.
The orc warrior hits you with a mace of protection!
* * * LOW HITPOINT WARNING * * *
You hit the orc warrior but do no damage.
You headbutt the orc warrior.
The orc warrior is almost dead.
You closely miss the orc warrior.
You headbutt the orc warrior, but do no damage.
The orc warrior is almost dead.
The orc warrior hits you with a mace of protection!
You die...

.........
#...#.##.########
#.#.#.###
#........#
##...##
#...#.##.# ....#
######...#.##.#
#####
#..........##.# #
#.####...####.# #
#.# #........#
#########.#
###.####..
..........# #@#
.# ###########
#o)......
..##.#### .#.# #
....# #. ..# #.
..# # ....


You could see an orc warrior.

Vanquished Creatures
  Pikel (D:5)
  Grinder (D:5)
  Eustachio (D:6)
  A sky beast (D:5)
  3 slaves (D:5)
  A phantom (D:5)
  2 ogres (D:5)
  A howler monkey (D:4)
  2 crimson imps
  A hound (D:5)
  A centaur skeleton (D:5)
  2 orc wizards (D:3)
  2 adders
  3 gnolls (D:3)
  A river rat (Sewer)
  A shadow imp (D:5)
  A worm (D:2)
  2 dart slugs (D:1)
  11 orcs
  4 giant cockroaches
  7 goblins
  9 hobgoblins
  4 jackals (D:3)
  6 kobolds
  2 quokkas (D:5)
  6 ball pythons
  9 bats
  11 frilled lizards
  9 rats
105 creatures vanquished.

Notes
Turn   | Place    | Note
-------+----------+-------------------------------------------
     0 | D:1      | Monsterracer the Minotaur Berserker began the quest for the Orb.
     0 | D:1      | Reached XP level 1. HP: 19/19 MP: 0/0
    69 | D:1      | Reached skill level 4 in Axes
    94 | D:1      | Reached XP level 2. HP: 22/26 MP: 1/1
   592 | D:1      | Reached skill level 5 in Axes
   658 | D:2      | Reached XP level 3. HP: 31/31 MP: 2/2
   849 | D:2      | Reached ** piety under Trog
  1178 | D:3      | Reached skill level 6 in Axes
  1178 | D:3      | Reached XP level 4. HP: 39/39 MP: 3/3
  1375 | D:3      | Reached skill level 7 in Axes
  1375 | D:3      | Reached XP level 5. HP: 34/45 MP: 4/4
  1466 | D:3      | Found a glowing drain.
  1475 | Sewer    | Entered a sewer
  1788 | Sewer    | Reached *** piety under Trog
  2051 | D:3      | Found a blossoming altar of Fedhas.
  2321 | D:4      | Gained mutation: You have large cloven feet. [potion of mutation]
  2321 | D:4      | Gained mutation: You are frail. (-10% HP) [potion of mutation]
  2321 | D:4      | Gained mutation: You regenerate slowly when monsters are visible. [potion of mutation]
  2655 | D:4      | Found an ancient bone altar of Kikubaaqudgha.
  2712 | D:4      | Reached skill level 8 in Axes
  2815 | D:5      | Entered Level 5 of the Dungeon
  2830 | D:5      | Noticed Grinder
  2830 | D:5      | Noticed a phantom
  2840 | D:5      | Killed Grinder
  2840 | D:5      | Reached skill level 9 in Axes
  2840 | D:5      | Reached XP level 6. HP: 45/45 MP: 5/5
  2843 | D:5      | Reached XP level 7. HP: 51/51 MP: 6/6
  2858 | D:5      | Reached skill level 10 in Axes
  2990 | D:5      | Noticed Pikel
  3006 | D:5      | Killed Pikel
  3006 | D:5      | Reached skill level 11 in Axes
  3006 | D:5      | Reached XP level 8. HP: 42/57 MP: 7/7
  3053 | D:5      | Reached skill level 12 in Axes
  3279 | D:5      | Found a staircase to the Ecumenical Temple.
  3678 | D:6      | Noticed Eustachio
  3692 | D:6      | Killed Eustachio
  3738 | D:6      | Mangled by an orc warrior

Skill      XL: |  1  2  3  4  5  6  7  8 |
---------------+-------------------------+-----
Axes           | 4 5 6 7 9 11 12 | 12.8
Fighting       | |  3.6
Armour         | |  2.4
Dodging        | |  2.1

Action                   |  1- 3 |  4- 6 |  7- 9 || total
-------------------------+-------+-------+-------++-------
Melee: Hand axe          |    77 |   106 |    83 ||   266
       Headbutt          |    11 |    16 |    23 ||    50
       Kick              |       |     2 |    28 ||    30
Invok: Berserk           |     1 |     1 |     1 ||     3
  Use: Potion            |     5 |     5 |     1 ||    11
 Stab: Sleeping          |     1 |       |       ||     1
  Eat: Chunk             |       |     7 |     2 ||     9
       Beef jerky        |       |       |     1 ||     1
Armor: Animal skin       |    16 |       |       ||    16
       Scale mail        |     8 |    45 |    26 ||    79
Dodge: Dodged            |    40 |    59 |    27 ||   126
